[Event "Titled Tuesday Blitz May 25 2021"]
[White "Alavkin, Arseny"]
[Black "The_filthy"]
[WhiteFideId "4120612"]
[WhiteElo "2414"]
[BlackElo "2420"]
[Result "1-0"]
[Round "07"]
[TimeControl "180+1"]
[Date "2021.05.25"]
[WhiteClock "0:01:09"]
[BlackClock "0:00:31"]

1. e4 e6 2. d4 d5 3. e5 c5 4. c3 Nc6 5. Nf3 Bd7 6. a3 f6 7. Bd3 Qc7 8. O-O fxe5 9. dxe5 O-O-O 10. Nbd2 Nh6 11. Re1 Be7 12. b4 c4 13. Bc2 Rdf8 14. b5 Nd8 15. a4 Kb8 16. Nd4 Ndf7 17. N2f3 g5 18. a5 g4 19. b6 Qd8 20. bxa7+ Ka8 21. a6 b6 22. Nd2 Ng5 23. Nf1 Rhg8 24. Ng3 Bc5 25. Ba3 Qe7 26. Ba4 Rf7 27. Bxd7 Qxd7 28. Bxc5 bxc5 29. Nc2 Rgf8 30. Re2 Nf5 31. Nxf5 Rxf5 32. Ne3 Rf4 33. Qb1 h5 34. Rb2 Ne4 35. Rb8+ Kxa7 36. Qb6# 1-0


[Site "https://www.chess.com"]

[Event "Titled Tuesday Blitz May 25 2021"]
[White "Andreikin, Dmitry"]
[Black "Erigaisi Arjun"]
[WhiteFideId "4158814"]
[BlackFideId "35009192"]
[WhiteElo "2782"]
[BlackElo "2609"]
[Result "1-0"]
[Round "07"]
[TimeControl "180+1"]
[Date "2021.05.25"]
[WhiteClock "0:00:03"]
[BlackClock "0:00:04"]

1. e4 c5 2. Nc3 e6 3. Nge2 a6 4. d4 cxd4 5. Nxd4 d6 6. Be3 Nf6 7. a4 b6 8. g4 Bb7 9. Bg2 Qc7 10. g5 Nfd7 11. f4 g6 12. f5 gxf5 13. O-O f4 14. Qh5 e5 15. Ne6 Qc4 16. Nd5 Bxd5 17. exd5 Qxc2 18. Rac1 Qg6 19. Qh3 fxe6 20. dxe6 Ra7 21. exd7+ Nxd7 22. Bd5 fxe3 23. Rc8+ Ke7 24. Rf7+ Qxf7 25. Bxf7 Kxf7 26. Qf5+ Ke7 27. Kf1 d5 28. Ke2 d4 29. h4 Rg8 30. Qxh7+ Rg7 31. Qh5 Rf7 32. g6 Rf2+ 33. Kd3 Nc5+ 34. Rxc5 bxc5 35. Qxe5+ Kd7 36. h5 Bd6 37. Qd5 Rd2+ 38. Kc4 e2 39. Qf7+ Be7 40. Qf5+ Kc6 41. Qe4+ Kb6 42. g7 Bf6 43. g8=Q Re7 44. Qb8+ Ka5 45. Qd8+ Kxa4 46. Qc6# 1-0


[Site "https://www.chess.com"]

[Event "Titled Tuesday Blitz May 25 2021"]
[White "Annaberdiyev, Babageldi"]
[Black "korbul"]
[WhiteFideId "14000385"]
[WhiteElo "2332"]
[BlackElo "2575"]
[Result "1-0"]
[Round "07"]
[TimeControl "180+1"]
[Date "2021.05.25"]
[WhiteClock "0:01:05"]
[BlackClock "0:00:16"]

1. e4 c5 2. Nf3 e6 3. d3 d5 4. Nbd2 Nf6 5. g3 Nc6 6. Bg2 Be7 7. O-O O-O 8. e5 Ne8 9. Re1 Nc7 10. c3 b5 11. Nf1 Rb8 12. h4 b4 13. h5 h6 14. Bf4 bxc3 15. bxc3 Nb5 16. Qd2 d4 17. c4 Nc3 18. N1h2 a5 19. Ng4 a4 20. Bxh6 f5 21. exf6 Bxf6 22. Bf4 Rb6 23. h6 a3 24. hxg7 Bxg7 25. Nh6+ Kh8 26. Nh4 Ne7 27. Be5 Bxe5 28. Rxe5 Qe8 29. Qg5 Rb2 30. Rf1 Kh7 31. Rxc5 Bd7 32. Rc7 Rxa2 33. c5 Ncd5 34. Be4+ Kh8 35. Qxe7 Qxe7 36. Ng6+ Kg7 37. Nxe7 Nxe7 38. Rxd7 Kxh6 39. Rxe7 Rb2 40. Rxe6+ Kg7 41. Ra6 a2 42. c6 Rc8 43. Ra7+ Kf6 44. Kg2 Ke5 45. c7 Kd6 46. Ra1 Rf8 47. Bf3 Rc8 48. R1xa2 Rxa2 49. Rxa2 Rxc7 50. Ra4 Ke5 51. Ra5+ Ke6 52. Rd5 Rc2 53. Rxd4 Ke5 54. Re4+ Kf5 55. Rf4+ 1-0


[Site "https://www.chess.com"]

[Event "Titled Tuesday Blitz May 25 2021"]
[White "Aravindh, Chithambaram VR."]
[Black "Seletsky, Grigory"]
[WhiteFideId "5072786"]
[BlackFideId "14112191"]
[WhiteElo "2600"]
[BlackElo "2492"]
[Result "1-0"]
[Round "07"]
[TimeControl "180+1"]
[Date "2021.05.25"]
[WhiteClock "0:02:21"]
[BlackClock "0:01:19"]

1. b3 e5 2. Bb2 Nc6 3. c4 d6 4. g3 g6 5. Bg2 Bg7 6. e3 Nge7 7. Ne2 O-O 8. d4 f5 9. Nbc3 a6 10. Qd2 Bd7 11. f4 e4 12. a3 Be8 13. d5 Nb8 14. Nd4 Bf7 15. g4 c5 16. Ne6 Bxe6 17. dxe6 Nbc6 18. gxf5 gxf5 19. Rg1 Ng6 20. O-O-O Qb6 21. Qc2 Nce7 22. h4 Kh8 23. h5 Nxf4 24. exf4 Rg8 25. Bxe4 fxe4 26. Rxg7 Rxg7 27. h6 1-0


[Site "https://www.chess.com"]

[Event "Titled Tuesday Blitz May 25 2021"]
[White "Asis Gargatagli, Hipolito"]
[Black "Tabatabaei, M. Amin"]
[WhiteFideId "2260735"]
[BlackFideId "12521213"]
[WhiteElo "2557"]
[BlackElo "2555"]
[Result "1-0"]
[Round "07"]
[TimeControl "180+1"]
[Date "2021.05.25"]
[WhiteClock "0:00:37"]
[BlackClock "0:00:03"]

1. e4 b6 2. d4 Bb7 3. Bd3 e6 4. Nc3 Nf6 5. Nge2 d5 6. e5 Nfd7 7. Nf4 Ba6 8. Nxe6 Qc8 9. Nxf8 Nxf8 10. Nxd5 Ne6 11. O-O Bb7 12. Be4 Qd8 13. Nf6+ gxf6 14. Bxb7 Nd7 15. Bxa8 Qxa8 16. d5 Nec5 17. exf6 Kd8 18. c4 Rg8 19. Be3 Ne5 20. Qh5 Ncd3 21. f4 Nxc4 22. Qxf7 Re8 23. Bd4 Nd6 24. Qh5 Nb4 25. f7 Rf8 26. Bf6+ Kc8 27. Be7 Kb7 28. Bxf8 Qxf8 29. a3 Nd3 30. f5 Nxf7 31. b4 Qe7 32. f6 Qe3+ 33. Kh1 Nde5 34. Rae1 Qd3 35. Qe2 Qxa3 36. d6 cxd6 37. Qe4+ Kb8 38. Qxh7 Qa6 39. h3 Qc4 40. Qe4 Qe6 41. Rc1 Ng5 42. Qc2 Qd7 43. Qf5 Qxf5 44. Rxf5 Ngf7 45. g4 Kb7 46. g5 Ng6 47. Re1 Kc6 48. Re7 Nfe5 49. Rexe5 Nxe5 50. f7 Nd7 51. f8=Q Nxf8 52. Rxf8 Kb5 53. g6 1-0


[Site "https://www.chess.com"]

[Event "Titled Tuesday Blitz May 25 2021"]
[White "Barp, Alberto"]
[Black "Yuan, Qingyu"]
[WhiteFideId "872555"]
[BlackFideId "8609772"]
[WhiteElo "2229"]
[BlackElo "2359"]
[Result "1/2-1/2"]
[Round "07"]
[TimeControl "180+1"]
[Date "2021.05.25"]
[WhiteClock "0:00:08"]
[BlackClock "0:00:03"]

1. d4 Nf6 2. c4 g6 3. g3 c6 4. Bg2 d5 5. cxd5 cxd5 6. Nc3 Bg7 7. Nf3 O-O 8. Ne5 e6 9. O-O Nfd7 10. Nf3 Nc6 11. b3 b6 12. Ba3 Re8 13. Nb5 Ba6 14. Nd6 Bf8 15. Qc1 Bxd6 16. Bxd6 Rc8 17. Qd1 Nf6 18. Ba3 Ne4 19. Rc1 Ne7 20. Re1 Nf5 21. e3 f6 22. Rxc8 Qxc8 23. Qa1 Qc2 24. Qb2 Rc8 25. Rc1 Qxc1+ 26. Qxc1 Rxc1+ 27. Bxc1 Nc3 28. Bd2 Nxa2 29. g4 Nd6 30. g5 f5 31. Ne5 Bb5 32. Bf1 Bxf1 33. Kxf1 Ne4 34. Be1 Nc1 35. b4 a6 36. h4 Nb3 37. Nd7 b5 38. Nb8 Kf7 39. Nxa6 Nbd2+ 40. Ke2 Nc4 41. Nc7 Ned6 42. f3 Ke7 43. Bg3 Kd7 44. Na6 Nb7 45. Kd3 Nb6 46. Bf4 Nc4 47. Kc3 Na3 48. Nb8+ Kc8 49. Nc6 Kd7 50. Na7 Nd6 51. Bxd6 Kxd6 52. Kb3 Nc4 53. Nxb5+ Kc6 54. Nc3 Nxe3 55. Ne2 Ng2 56. Ka4 Nxh4 57. f4 Nf3 58. Ka5 Kb7 59. Kb5 Nd2 60. Kc5 Ne4+ 61. Kb5 Nd6+ 62. Kc5 Nf7 63. Nc1 h6 64. gxh6 Nxh6 65. Nd3 Nf7 66. b5 g5 67. fxg5 Nxg5 68. Kd6 Nf3 69. Kxe6 Nxd4+ 70. Kxd5 Nxb5 71. Ke5 Nc7 72. Kxf5 1/2-1/2


[Site "https://www.chess.com"]

[Event "Titled Tuesday Blitz May 25 2021"]
[White "Belenkaya, Dina"]
[Black "Aradhya, Garg"]
[WhiteFideId "24142654"]
[BlackFideId "25006746"]
[WhiteElo "2247"]
[BlackElo "2146"]
[Result "0-1"]
[Round "07"]
[TimeControl "180+1"]
[Date "2021.05.25"]
[WhiteClock "0:00:12"]
[BlackClock "0:00:52"]

1. e4 e5 2. Nf3 Nc6 3. Bb5 a6 4. Ba4 Nf6 5. d3 b5 6. Bb3 Bc5 7. c3 O-O 8. Be3 Bxe3 9. fxe3 d6 10. Nbd2 Be6 11. O-O d5 12. Ng5 Bg4 13. Qe1 Bh5 14. Qh4 Bg6 15. Rad1 Na5 16. Bc2 dxe4 17. dxe4 Qe7 18. b4 Nb7 19. Qg3 c5 20. a3 a5 21. Ngf3 axb4 22. Nxe5 bxa3 23. Nxg6 hxg6 24. e5 Nh5 25. Qf3 Nd8 26. g4 Qxe5 27. Qxa8 Nf6 28. Qxa3 Qxe3+ 29. Kh1 Nxg4 30. Nf3 Nf2+ 31. Kg2 Nxd1 32. Bxd1 b4 33. Qb2 bxc3 34. Qc2 Ne6 35. Re1 Nf4+ 36. Kf1 Qd3+ 37. Qxd3 Nxd3 38. Re3 Rd8 39. Bc2 c4 40. Ne1 Nxe1 41. Rxc3 Nxc2 42. Rxc2 Rd4 43. Re2 f6 44. Re8+ Kf7 45. Rc8 g5 46. Ke2 Kg6 47. Ke3 Rh4 48. Rc7 c3 49. Rxc3 Rh3+ 50. Kf2 0-1


[Site "https://www.chess.com"]

[Event "Titled Tuesday Blitz May 25 2021"]
[White "Blanco Ronquillo, Humberto L."]
[Black "Turzo, Attila"]
[WhiteFideId "3504239"]
[BlackFideId "704954"]
[WhiteElo "2423"]
[BlackElo "2509"]
[Result "1/2-1/2"]
[Round "07"]
[TimeControl "180+1"]
[Date "2021.05.25"]
[WhiteClock "0:00:21"]
[BlackClock "0:00:40"]

1. d4 d5 2. c4 c6 3. Nc3 Nf6 4. e3 a6 5. Nf3 Bf5 6. Bd3 Bg6 7. O-O e6 8. Re1 Be7 9. e4 dxe4 10. Nxe4 Nbd7 11. Bf4 O-O 12. Nc3 b5 13. Bxg6 hxg6 14. b3 Bb4 15. Qc2 Qa5 16. Bd2 bxc4 17. bxc4 Qf5 18. Qa4 a5 19. a3 Nb6 20. Qxc6 Bxc3 21. Bxc3 Nfd7 22. c5 Rfc8 23. Qb5 Nd5 24. Bd2 Nb8 25. Ne5 f6 26. Nc4 Nc6 27. Nd6 Nxd4 28. Qc4 Qg4 29. Re4 Nf3+ 30. Kh1 Nxd2 31. Rxg4 Nxc4 32. Rxc4 Rc6 33. Re1 e5 34. Rd1 Nf4 35. Ne4 Ne6 36. Rd6 Rac8 37. Rxc6 Rxc6 38. Kg1 f5 39. Nd6 Rxc5 40. Rxc5 Nxc5 41. Nc4 a4 42. Nxe5 g5 43. Kf1 Kf8 44. Ke2 Ke7 45. Ke3 Ke6 46. Nc4 Kd5 47. Nb6+ Kc6 48. Nc4 Kd5 49. Nb6+ Kc6 50. Nc4 Kd5 1/2-1/2


[Site "https://www.chess.com"]

[Event "Titled Tuesday Blitz May 25 2021"]
[White "Bodnaruk, Anastasia"]
[Black "Triapishko, Alexandr"]
[WhiteFideId "4181751"]
[BlackFideId "14122286"]
[WhiteElo "2393"]
[BlackElo "2490"]
[Result "0-1"]
[Round "07"]
[TimeControl "180+1"]
[Date "2021.05.25"]
[WhiteClock "0:00:01"]
[BlackClock "0:01:06"]

1. e4 e5 2. Nf3 Nc6 3. Bb5 Bc5 4. d3 Nge7 5. c3 O-O 6. O-O Bb6 7. Re1 d6 8. h3 f5 9. Bc4+ Kh8 10. Ng5 Qe8 11. Be3 Bxe3 12. Rxe3 f4 13. Re2 Qg6 14. h4 Bg4 15. f3 Bd7 16. g4 fxg3 17. Qe1 h6 18. Qxg3 hxg5 19. hxg5 Be6 20. Rh2+ Kg8 21. Nd2 d5 22. exd5 Bxd5 23. Ne4 Rf4 24. Qh3 Kf7 25. Kf2 Bxc4 26. dxc4 Qxe4 27. Qh5+ Qg6 0-1


[Site "https://www.chess.com"]

[Event "Titled Tuesday Blitz May 25 2021"]
[White "Bonte, Andrei-Mihai"]
[Black "Papasimakopoulos, Alexandros"]
[WhiteFideId "1210297"]
[BlackFideId "4244125"]
[WhiteElo "2200"]
[BlackElo "2352"]
[Result "0-1"]
[Round "07"]
[TimeControl "180+1"]
[Date "2021.05.25"]
[WhiteClock "0:00:02"]
[BlackClock "0:02:13"]

1. d4 e6 2. e4 d5 3. exd5 exd5 4. Nf3 Bg4 5. Be2 Nc6 6. O-O Bd6 7. Re1 Nge7 8. Bg5 f6 9. Bh4 h5 10. Bg3 g5 11. Nc3 Bb4 12. h3 Bf5 13. Nb5 Ba5 14. c3 a6 15. Na3 Qd7 16. b4 Bb6 17. Nc2 h4 18. Bh2 g4 19. hxg4 Bxg4 20. Kh1 h3 21. Ng1 hxg2+ 22. Kxg2 Bh3+ 23. Kh1 Bf5 24. Ne3 O-O-O 25. Nxf5 Nxf5 26. Bg4 Qh7 27. Nf3 Kb8 28. Kg2 Rdg8 29. Ng1 Qxh2+ 0-1


[Site "https://www.chess.com"]

[Event "Titled Tuesday Blitz May 25 2021"]
[White "Budiarti, Farah Yumna"]
[Black "Loy, Konstantin"]
[WhiteFideId "7107331"]
[BlackFideId "14122499"]
[WhiteElo "2532"]
[BlackElo "2084"]
[Result "1-0"]
[Round "07"]
[TimeControl "180+1"]
[Date "2021.05.25"]
[WhiteClock "0:01:35"]
[BlackClock "0:00:53"]

1. d4 Nf6 2. c4 c5 3. Nf3 cxd4 4. Nxd4 e5 5. Nc2 d5 6. cxd5 Qxd5 7. Qxd5 Nxd5 8. g3 Nc6 9. Bg2 Ndb4 10. Nxb4 Nxb4 11. Na3 Be6 12. b3 O-O-O 13. O-O Kb8 14. Bb2 f6 15. Bc3 Be7 16. Nc4 Bxc4 17. bxc4 Rc8 18. Bxb4 Bxb4 19. Rab1 Rxc4 20. a3 Bxa3 21. Rxb7+ Kc8 22. Rxa7 Bd6 23. Ra8+ Bb8 24. Rb1 Kd7 25. Rbxb8 Rxb8 26. Rxb8 Rc1+ 27. Bf1 Ke7 28. Rb7+ Kf8 29. Kg2 h6 30. e4 Re1 31. f3 Kg8 32. Bc4+ Kh8 33. Be6 Re2+ 34. Kh3 Rf2 35. Bf5 Kg8 36. Bg6 Kf8 37. Bh5 g6 38. Bxg6 Rxf3 39. Kg4 Rf2 40. h4 Kg8 41. Kh5 Rf3 42. Kxh6 Rxg3 43. Rb8# 1-0


[Site "https://www.chess.com"]

[Event "Titled Tuesday Blitz May 25 2021"]
[White "Cardoso Cardoso, Jose Gabriel"]
[Black "Sanal, Vahap"]
[WhiteFideId "4430492"]
[BlackFideId "6300545"]
[WhiteElo "2343"]
[BlackElo "2507"]
[Result "0-1"]
[Round "07"]
[TimeControl "180+1"]
[Date "2021.05.25"]
[WhiteClock "0:00:02"]
[BlackClock "0:00:30"]

1. d4 d6 2. Nf3 c5 3. e4 cxd4 4. Nxd4 Nf6 5. Nc3 e6 6. g4 h6 7. h4 Be7 8. Rg1 d5 9. g5 hxg5 10. hxg5 Nxe4 11. Nxe4 dxe4 12. Be3 Qa5+ 13. c3 Bd7 14. Qc2 Qe5 15. O-O-O Nc6 16. Be2 Nb4 17. Qb3 Rc8 18. Kb1 Nd5 19. Bc1 Rh2 20. Rh1 Kf8 21. f4 exf3 22. Nxf3 Qxe2 23. Rxh2 Qe4+ 24. Ka1 Bd6 25. Rh8+ Ke7 26. Rxc8 Bxc8 27. Nd4 a6 28. a3 b5 29. Nc6+ Ke8 30. Nb4 Bb7 31. Qc2 Qc4 32. Rd4 Qc7 33. Qe2 Be5 34. Re4 Nxc3 35. bxc3 Qxc3+ 36. Kb1 Qb3+ 37. Bb2 Bxe4+ 38. Kc1 Bf4+ 0-1


[Site "https://www.chess.com"]

[Event "Titled Tuesday Blitz May 25 2021"]
[White "Costachi, Mihnea"]
[Black "Gabdushev, Ruslan"]
[WhiteFideId "1217518"]
[BlackFideId "4137833"]
[WhiteElo "2479"]
[BlackElo "2312"]
[Result "1-0"]
[Round "07"]
[TimeControl "180+1"]
[Date "2021.05.25"]
[WhiteClock "0:00:30"]
[BlackClock "0:00:01"]

1. d4 c6 2. c4 Qa5+ 3. Nc3 g5 4. h4 g4 5. e4 Bg7 6. h5 h6 7. Be3 d6 8. Be2 Nf6 9. Qd2 Nbd7 10. O-O-O Nf8 11. e5 dxe5 12. dxe5 N6d7 13. f4 gxf3 14. Nxf3 Nxe5 15. Nxe5 Bxe5 16. Bd4 Ne6 17. Bxe5 Qxe5 18. Kb1 Qc7 19. Rhf1 Bd7 20. Bg4 Rd8 21. Ne4 Bc8 22. Qc3 Rxd1+ 23. Bxd1 Rg8 24. g4 c5 25. Qf3 f6 26. Qe3 Qe5 27. Re1 Qd4 28. Qxh6 Qd3+ 29. Bc2 Qxc4 30. Nc3 Qxg4 31. Bg6+ Kd8 32. Nd5 Bd7 33. Nxe7 Kxe7 34. Qh7+ Kd6 35. Qxg8 Nd4 36. Qf8+ Kc6 37. Qxf6+ Kc7 38. Qe5+ Kb6 39. Qe4 1-0


[Site "https://www.chess.com"]

[Event "Titled Tuesday Blitz May 25 2021"]
[White "Csonka, Balazs"]
[Black "Gontcharov, Vladislav"]
[WhiteFideId "742910"]
[BlackFideId "4123492"]
[WhiteElo "2404"]
[BlackElo "2503"]
[Result "1/2-1/2"]
[Round "07"]
[TimeControl "180+1"]
[Date "2021.05.25"]
[WhiteClock "0:00:05"]
[BlackClock "0:00:16"]

1. e4 e6 2. d4 d5 3. Bd3 dxe4 4. Bxe4 Nf6 5. Bf3 Nbd7 6. Ne2 Bd6 7. O-O e5 8. Ng3 O-O 9. Re1 exd4 10. Qxd4 Re8 11. Be3 Bc5 12. Qd2 Bxe3 13. Rxe3 Rxe3 14. Qxe3 Nf8 15. Nc3 c6 16. Rd1 Qc7 17. Nge4 Nxe4 18. Nxe4 Be6 19. Nc5 a5 20. a3 Re8 21. Qd2 b6 22. Nxe6 Rxe6 23. g3 Qe5 24. Qd4 Qxd4 25. Rxd4 g6 26. Rd8 Kg7 27. Rc8 c5 28. Bd5 Rd6 29. c4 Ne6 30. f4 Nd4 31. Rc7 Rf6 32. Rb7 h6 33. h4 g5 34. hxg5 hxg5 35. fxg5 Rf5 36. Kg2 Nc2 37. Rxb6 Ne3+ 38. Kg1 Nxd5 39. cxd5 Rxd5 40. Rb5 Rxg5 41. Kf2 Rd5 42. Rxa5 Rd2+ 43. Kg1 Rxb2 44. Rxc5 Rb3 45. Kg2 Rxa3 46. Rf5 1/2-1/2


[Site "https://www.chess.com"]

[Event "Titled Tuesday Blitz May 25 2021"]
[White "Dang, Hoang Son"]
[Black "Titus, Andrew"]
[WhiteFideId "12402435"]
[BlackFideId "2059770"]
[WhiteElo "2248"]
[BlackElo "2044"]
[Result "1-0"]
[Round "07"]
[TimeControl "180+1"]
[Date "2021.05.25"]
[WhiteClock "0:01:27"]
[BlackClock "0:00:39"]

1. d4 d5 2. c4 e6 3. Nf3 Nf6 4. g3 Be7 5. Bg2 O-O 6. O-O dxc4 7. Qc2 b5 8. a4 Bb7 9. axb5 a6 10. bxa6 Nxa6 11. Bd2 Nb4 12. Rxa8 Nxc2 13. Rxd8 Rxd8 14. e3 Nb4 15. Na3 Ba6 16. Rc1 Nd3 17. Rc2 Nxb2 18. Rxb2 Bxa3 19. Ra2 Rb8 20. Rxa3 Rb1+ 21. Ne1 Rb6 22. Ba5 Rb1 23. Bc3 Rb6 24. Nc2 h5 25. Nb4 Bb5 26. e4 Bd7 27. e5 Ng4 28. h3 Nh6 29. Be4 g6 30. d5 Nf5 31. g4 hxg4 32. hxg4 Nh6 33. f3 Kg7 34. Kf2 Rb8 35. Ke3 Ng8 36. Ra7 Rc8 37. f4 Ne7 38. d6 Nd5+ 39. Bxd5 exd5 40. e6+ d4+ 41. Bxd4+ Kh6 42. exd7 Rh8 43. Bxh8 f6 44. Bxf6 g5 45. Bxg5+ Kg6 46. d8=Q c3 47. Rxc7 c2 48. Qf6# 1-0


[Site "https://www.chess.com"]

[Event "Titled Tuesday Blitz May 25 2021"]
[White "Djordjevic, Vuk"]
[Black "Zierk, Steven"]
[WhiteFideId "902098"]
[BlackFideId "2034255"]
[WhiteElo "2463"]
[BlackElo "2502"]
[Result "1-0"]
[Round "07"]
[TimeControl "180+1"]
[Date "2021.05.25"]
[WhiteClock "0:00:37"]
[BlackClock "0:01:30"]

1. d4 d5 2. Bf4 Nf6 3. e3 c5 4. c3 e6 5. Nd2 Bd6 6. Bb5+ Nc6 7. Bg3 O-O 8. Ngf3 Qe7 9. O-O Bd7 10. Qe2 a6 11. Bd3 Nh5 12. Bxd6 Qxd6 13. Ne5 Nf6 14. f4 b5 15. g4 Be8 16. g5 Nd7 17. Rf3 f6 18. Bxh7+ Kxh7 19. Rh3+ Kg8 20. g6 fxe5 21. Rh8+ Kxh8 22. Qh5+ Kg8 23. Qh7# 1-0


[Site "https://www.chess.com"]

[Event "Titled Tuesday Blitz May 25 2021"]
[White "Dobrov, Vladimir"]
[Black "Sjugirov, Sanan"]
[WhiteFideId "4136594"]
[BlackFideId "4189302"]
[WhiteElo "2614"]
[BlackElo "2472"]
[Result "1-0"]
[Round "07"]
[TimeControl "180+1"]
[Date "2021.05.25"]
[WhiteClock "0:00:21"]
[BlackClock "0:00:00"]

1. b3 c5 2. Bb2 Nc6 3. Nf3 Nf6 4. e3 g6 5. c4 Bg7 6. Be2 O-O 7. O-O d5 8. cxd5 Qxd5 9. Nc3 Qd7 10. Bb5 a6 11. Ne5 Qc7 12. Bxc6 bxc6 13. Na4 Ne4 14. Nc4 Bxb2 15. Ncxb2 Rd8 16. d3 Bf5 17. Qe2 Nf6 18. Rac1 Bg4 19. f3 Bc8 20. e4 Nd7 21. Qe3 a5 22. Nxc5 Nxc5 23. Rxc5 Ba6 24. Rfc1 Rac8 25. R1c3 Qd6 26. f4 Qc7 27. Kf2 Rd7 28. d4 Qd8 29. Kg3 Rxd4 30. e5 Rd2 31. Rc2 Rxc2 32. Rxc2 c5 33. Rd2 Qc7 34. Na4 Qc6 35. Rc2 Bb7 36. Nxc5 Ba8 37. h4 h5 38. Kh2 Qb6 39. Qf2 Rc6 40. Nd3 Qc7 41. Rd2 Rc3 42. f5 Qc6 43. e6 Qc7+ 44. Kg1 f6 45. fxg6 Rc6 46. Re2 Rc3 47. Nf4 1-0


[Site "https://www.chess.com"]

[Event "Titled Tuesday Blitz May 25 2021"]
[White "Erdogdu, Mert"]
[Black "Davtyan, David Arm."]
[WhiteFideId "6301495"]
[BlackFideId "13310046"]
[WhiteElo "2485"]
[BlackElo "2028"]
[Result "1-0"]
[Round "07"]
[TimeControl "180+1"]
[Date "2021.05.25"]
[WhiteClock "0:01:23"]
[BlackClock "0:01:56"]

1. e4 c5 2. Nf3 Nc6 3. d4 cxd4 4. Nxd4 e5 5. Nb5 d6 6. c4 Nf6 7. N1c3 Be7 8. Nd5 Nxd5 9. cxd5 Nb8 10. a4 a6 11. Na3 O-O 12. Bd3 f5 13. exf5 Bxf5 14. Bxf5 Rxf5 15. O-O Nd7 16. Be3 Qf8 17. Rc1 Qf7 18. Rc7 Nf6 19. Nc4 Qxd5 20. Rxe7 Qxc4 21. Qxd6 Ne4 22. Qd7 Raf8 23. Rxg7+ Kh8 24. Rxh7+ Kg8 25. Qg7# 1-0


[Site "https://www.chess.com"]

[Event "Titled Tuesday Blitz May 25 2021"]
[White "Gabrielian, Artur"]
[Black "Sarana, Alexey"]
[WhiteFideId "4131002"]
[BlackFideId "24133795"]
[WhiteElo "2539"]
[BlackElo "2629"]
[Result "0-1"]
[Round "07"]
[TimeControl "180+1"]
[Date "2021.05.25"]
[WhiteClock "0:00:01"]
[BlackClock "0:00:49"]

1. e4 c5 2. Nf3 d6 3. d4 Nf6 4. Nc3 cxd4 5. Nxd4 a6 6. Bg5 e6 7. f4 Qb6 8. Nb3 Nbd7 9. Qf3 Be7 10. O-O-O Qc7 11. g4 b5 12. Bg2 Bb7 13. a3 Rc8 14. Rd2 h6 15. Bh4 g5 16. fxg5 Ne5 17. Qe2 Nfxg4 18. h3 hxg5 19. Bg3 Nf6 20. Rf1 Nh5 21. Bh2 Nf4 22. Bxf4 gxf4 23. Kb1 Rg8 24. Nd4 Rg3 25. Rxf4 Bg5 26. Nxe6 fxe6 27. Qh5+ Kd7 28. Rf7+ Nxf7 29. Qxf7+ Be7 30. Qf4 Rcg8 31. Bf3 Rg1+ 32. Ka2 Qc4+ 0-1


[Site "https://www.chess.com"]

[Event "Titled Tuesday Blitz May 25 2021"]
[White "Ghimpu, Samuel-Timotei"]
[Black "Nitish Belurkar"]
[WhiteFideId "1238175"]
[BlackFideId "5084768"]
[WhiteElo "2026"]
[BlackElo "2306"]
[Result "0-1"]
[Round "07"]
[TimeControl "180+1"]
[Date "2021.05.25"]
[WhiteClock "0:00:04"]
[BlackClock "0:01:27"]

1. e4 d5 2. exd5 Nf6 3. Nf3 Nxd5 4. d4 Bf5 5. a3 e6 6. c4 Nf6 7. Nc3 c5 8. Be2 Be7 9. O-O O-O 10. h3 Nbd7 11. Be3 h6 12. dxc5 Nxc5 13. b4 Nce4 14. Nxe4 Nxe4 15. Qb3 Bf6 16. Rad1 Qe7 17. Nd4 Bg6 18. c5 a6 19. Bf3 Rfd8 20. Qc4 Rac8 21. Nb3 Nc3 22. Rxd8+ Rxd8 23. Na5 Bd3 24. Qb3 Bxf1 25. Kxf1 Nd5 26. Bd2 Qc7 27. Kg1 b6 28. cxb6 Qxb6 29. Nc4 Qd4 30. Be1 Rc8 31. Ne3 Rc1 0-1


[Site "https://www.chess.com"]

[Event "Titled Tuesday Blitz May 25 2021"]
[White "Goltsev, Dmitry"]
[Black "Fernandez, Daniel Howard"]
[WhiteFideId "24176710"]
[BlackFideId "5801605"]
[WhiteElo "2366"]
[BlackElo "2468"]
[Result "1/2-1/2"]
[Round "07"]
[TimeControl "180+1"]
[Date "2021.05.25"]
[WhiteClock "0:00:05"]
[BlackClock "0:00:05"]

1. e4 c5 2. Nf3 d6 3. d4 cxd4 4. Nxd4 Nf6 5. Nc3 a6 6. Be2 e5 7. Nb3 Be7 8. O-O O-O 9. f4 b5 10. f5 Bb7 11. Bf3 Nbd7 12. a3 a5 13. Qd3 b4 14. Nb5 a4 15. Nd2 Qb6+ 16. Kh1 Ba6 17. Be2 Rfb8 18. axb4 Bxb5 19. Qxb5 Qxb5 20. Bxb5 Rxb5 21. c3 d5 22. exd5 Rxd5 23. Nc4 e4 24. Be3 Ne5 25. Nb6 Rad8 26. Nxd5 Nxd5 27. Bd4 Nd3 28. b5 e3 29. Rf3 Nxb2 30. Bxe3 Nxc3 31. b6 Rd7 32. Rc1 Nbd1 33. Bg1 Bf6 34. Rf4 h5 35. Rb4 Rb7 36. Rc4 Be5 37. Rc8+ Kh7 38. Rc2 a3 39. Ra8 a2 40. Rd2 Kh6 41. h4 g6 42. fxg6 fxg6 43. Bc5 Ne4 44. Bf8+ Kh7 45. Rdxa2 Ng3+ 46. Kh2 Ne4+ 47. g3 Bxg3+ 48. Kg2 Ne3+ 49. Kf3 Nd5 50. Kxe4 Nxb6 51. R8a7 Rxa7 52. Rxa7+ Kg8 53. Be7 Nc8 54. Ra8 Kf7 55. Bg5 Nd6+ 56. Kd5 Nf5 57. Ra7+ Kg8 58. Ke6 Bxh4 59. Kf6 Bxg5+ 60. Kxg6 Ne7+ 61. Kxg5 Kf8 62. Kf6 Ng8+ 63. Kg5 Ne7 64. Kxh5 Kf7 65. Kg5 Ke6 66. Kf4 Nd5+ 67. Ke4 Nf6+ 68. Kd4 Nd7 69. Ra6+ Ke7 70. Kd5 Nf6+ 71. Ke5 Nd7+ 72. Kf5 Kf7 73. Re6 Nf8 74. Re1 Nd7 75. Re2 Nf8 76. Rd2 Ke7 77. Ra2 Nd7 78. Ra6 Nc5 79. Rc6 Nd7 80. Re6+ Kd8 81. Re3 Kc7 82. Ke6 Nb6 83. Rc3+ Kb7 84. Kd6 Nc8+ 85. Kc5 Kc7 86. Rd3 Nb6 87. Rh3 Nd7+ 88. Kd5 Nb6+ 89. Ke6 Kc6 90. Rc3+ Kb7 91. Kd6 Nc8+ 92. Kc5 Kc7 93. Ra3 Kd7 94. Ra6 Ne7 95. Rd6+ Ke8 96. Rd3 Kf7 97. Kd6 Nf5+ 98. Ke5 Ne7 99. Rd7 Ke8 100. Ke6 Ng8 101. Rf7 Nh6 102. Ra7 Kf8 103. Kf6 Ng8+ 104. Ke6 Nh6 105. Rb7 Ng8 106. Rh7 Ke8 107. Rf7 Nh6 108. Rf1 Ng8 109. Rf2 Nh6 110. Ra2 Kf8 111. Kf6 Ng8+ 112. Kg6 Ne7+ 113. Kg5 Kf7 114. Ra6 1/2-1/2


[Site "https://www.chess.com"]

[Event "Titled Tuesday Blitz May 25 2021"]
[White "Hamley, Ryan"]
[Black "Woodward, Andy"]
[WhiteFideId "30959497"]
[BlackFideId "30953499"]
[WhiteElo "2417"]
[BlackElo "2608"]
[Result "0-1"]
[Round "07"]
[TimeControl "180+1"]
[Date "2021.05.25"]
[WhiteClock "0:01:00"]
[BlackClock "0:00:46"]

1. d4 Nf6 2. Nf3 d5 3. Bf4 c5 4. e3 Nc6 5. Nbd2 Bf5 6. c3 e6 7. Be2 c4 8. Nh4 Be4 9. f3 Bg6 10. Nxg6 hxg6 11. Bg3 Bd6 12. O-O Bxg3 13. hxg3 Nh5 14. Qe1 Qg5 15. g4 Qxe3+ 16. Qf2 Qxd2 17. gxh5 Rxh5 18. b3 Qxc3 19. bxc4 Qxd4 20. cxd5 Qxf2+ 21. Kxf2 Rxd5 22. Rab1 O-O-O 23. Rfc1 Rd2 24. Ke3 Rxa2 25. Bb5 Rd6 26. g4 Ra3+ 27. Kf2 a6 28. Bf1 Kc7 29. Rc2 g5 30. Kg3 b5 31. Rbc1 Kb6 32. Bg2 Nd4 33. Rb2 f5 34. gxf5 exf5 35. Re1 g4 36. Re7 gxf3 37. Bf1 g5 38. Kf2 g4 39. Rg7 Rh6 40. Kg1 Ra1 41. Rd2 Rxf1+ 42. Kxf1 Rh1+ 43. Kf2 Rh2+ 44. Ke3 Rxd2 45. Kxd2 f2 0-1


[Site "https://www.chess.com"]

[Event "Titled Tuesday Blitz May 25 2021"]
[White "Hebden, Mark L"]
[Black "Starozhilov, Leonid"]
[WhiteFideId "400084"]
[BlackFideId "14106752"]
[WhiteElo "2457"]
[BlackElo "2411"]
[Result "0-1"]
[Round "07"]
[TimeControl "180+1"]
[Date "2021.05.25"]
[WhiteClock "0:00:09"]
[BlackClock "0:00:22"]

1. d4 Nf6 2. Nf3 g6 3. g3 Bg7 4. Bg2 O-O 5. O-O d6 6. c4 c6 7. Nc3 Bf5 8. Ne1 Qc8 9. e4 Bh3 10. Bxh3 Qxh3 11. f3 Na6 12. Be3 Qc8 13. Nd3 Nd7 14. Qd2 Re8 15. Rac1 c5 16. d5 Nc7 17. Bh6 Bh8 18. f4 Rb8 19. e5 b5 20. b3 bxc4 21. bxc4 dxe5 22. f5 Qa6 23. Ne4 Bg7 24. Bxg7 Kxg7 25. g4 Nf6 26. Ndxc5 Qb6 27. Kh1 Nxg4 28. fxg6 hxg6 29. Qg5 Nf6 30. Qxe5 Na6 31. Nxa6 Qxa6 32. Rf2 Rbc8 33. c5 Rcd8 34. Nxf6 exf6 35. Qd4 Re5 36. d6 Qc6+ 37. Rg2 Rg5 38. Rg1 Rxc5 39. h3 Rxd6 0-1


[Site "https://www.chess.com"]